Senators vs Thrashers

Created - April 11 2011 at 17:13

Goals
1 2 3 T
Senators 3 0 3 6
Thrashers 0 2 0 2
Shots
1 2 3 T
Senators 13 3 12 28
Thrashers 10 9 4 23

Period #1

1. Senators , Jason Spezza 1 (Karlis Skrastins, Mike Cammalleri) at 2:09
2. Senators , Guillaume Latendresse 1 (Jordan Staal, Jay Bouwmeester) at 5:17
3. Senators , Guillaume Latendresse 2 (Brent Sopel) at 7:00

Penalties :
Christian Ehrhoff (ATL) for Hooking (Minor) at 7:36, Benoit Pouliot (ATL) for Fighting (Major) at 12:03, Mike Cammalleri (OTT) for Fighting (Major) at 12:03, Benoit Pouliot (ATL) for instigated a fight (Game Misconduct) at 12:03, Chris Stewart (OTT) for Kneeing (Major) at 14:45

Period #2

4. Thrashers , Martin Erat 1 (Ryan Malone, Ryan Suter) at 9:41
5. Thrashers , Ryan Malone 1 (Martin Erat, Dave Bolland) at 17:58

Penalties :
Chris Stewart (OTT) for Hooking (Minor) at 4:11, Brent Sopel (OTT) for Hooking (Minor) at 13:00

Period #3

6. Senators , Chris Stewart 1 (Sidney Crosby, Dion Phaneuf) at 11:47
7. Senators , Mike Cammalleri 1 (Jay Bouwmeester, Filip Kuba) at 15:15
8. Senators , Daniel Briere 1 (Mike Cammalleri, Jason Spezza) at 19:16

Penalties :
Mark Giordano (ATL) for Roughing (Minor) at 3:04, Ryan Malone (ATL) for High sticking (Double Minor) at 6:23, Brian Rolston (ATL) for Hooking (Minor) at 12:46, Marc Staal (ATL) for Tripping (Minor) at 13:44, Jordan Staal (OTT) for Holding (Minor) at 14:46, David Jones (OTT) for Hooking (Minor) at 16:22

Goalie Stats

Pascal Leclaire (OTT), 21 saves from 23 shots - (0.913), W, 1-0-0, 60:00 minutes
Roberto Luongo (ATL), 21 saves from 27 shots - (0.778), L, 0-1-0, 59:16 minutes
Steve Mason (ATL), 1 saves from 1 shots - (1.000), 0:44 minutes

Players Stats

Senators
Player Name              G  A  P  +/- PIM S  H  SB FO    MP 
------------------------------------------------------------
Brent Sopel              0  1  1   2  2   0  1  0  0/0   16 
Carl Gunnarsson          0  0  0   1  0   1  1  1  0/0   18 
Chris Stewart            1  0  1   0  7   2  2  0  0/1   19 
Daniel Briere            1  0  1   1  0   1  0  0  1/1   16 
David Jones              0  0  0   2  2   1  0  0  0/0   16 
David Steckel            0  0  0   0  0   0  0  0  5/9   6  
Dion Phaneuf             0  1  1   0  0   0  2  5  0/0   25 
Filip Kuba               0  1  1   1  0   0  0  1  0/0   21 
Guillaume Latendresse    2  0  2   2  2   4  3  0  1/1   13 
Jason Spezza             1  1  2   1  0   3  1  0  11/15 16 
Jay Bouwmeester          0  2  2   3  0   1  1  0  0/0   21 
Jordan Staal             0  1  1   2  2   5  0  0  10/21 17 
Karlis Skrastins         0  1  1   1  0   0  0  1  0/0   19 
Mike Cammalleri          1  2  3   2  5   2  0  0  0/1   16 
Patrick Dwyer            0  0  0   0  0   0  0  0  0/0   2  
Patrick Eaves            0  0  0   0  0   0  0  0  1/1   5  
Sidney Crosby            0  1  1   0  0   5  0  1  15/24 23 
Thomas Vanek             0  0  0   1  0   3  0  0  1/2   19 
Thrashers
Player Name              G  A  P  +/- PIM S  H  SB FO    MP 
------------------------------------------------------------
Antoine Vermette         0  0  0   0  0   2  0  0  5/11  22 
Benoit Pouliot           0  0  0   0  15  1  0  0  1/6   2  
Brad Boyes               0  0  0   0  0   0  0  0  0/1   11 
Brenden Morrow           0  0  0  -2  0   1  2  0  0/3   20 
Brian Rolston            0  0  0  -2  2   1  0  0  1/2   15 
Christian Ehrhoff        0  0  0  -3  2   1  0  0  0/0   20 
Dave Bolland             0  1  1   0  0   0  0  0  4/10  14 
James Wisniewski         0  0  0  -3  0   2  2  1  0/0   21 
Marc Staal               0  0  0   0  2   3  3  1  0/0   22 
Mark Giordano            0  0  0  -1  2   1  2  0  0/0   13 
Martin Erat              1  1  2  -1  0   1  0  0  0/0   13 
Mike Ribeiro             0  0  0  -3  0   1  1  0  6/14  16 
Nik Antropov             0  0  0  -1  0   1  0  0  14/27 17 
Rene Bourque             0  0  0   0  0   2  3  0  0/0   12 
Ryan Callahan            0  0  0   0  0   1  1  0  0/0   11 
Ryan Malone              1  1  2  -2  4   1  2  0  0/2   17 
Ryan Suter               0  1  1  -1  0   1  0  0  0/0   18 
Sergei Gonchar           0  0  0   0  0   3  1  1  0/0   23 

3 Stars

1 - Guillaume Latendresse (OTT)
2 - Jason Spezza (OTT)
3 - Jay Bouwmeester (OTT)

Power Play

Senators - 0 on 6 Attempt(s) - 0.00%
Thrashers - 0 on 5 Attempt(s) - 0.00%

Penalty Kill

Senators - 5 on 5 Attempt(s) - 100.00% - Score 0 goal in Penalty Kill
Thrashers - 6 on 6 Attempt(s) - 100.00% - Score 0 goal in Penalty Kill

Game Notes

Benoit Pouliot and Mike Cammalleri fight to a draw at 12:03 of 1st period
Benoit Pouliot ejected from game at 12:03 of 1st period
Steve Mason enters game at 19:16 of 3rd period

Finance

Level 1 -- Attendance: 6000 (100.00%) -- Ticket Income $540,000.00
Level 2 -- Attendance: 5000 (100.00%) -- Ticket Income $235,000.00
Level 3 -- Attendance: 3500 (100.00%) -- Ticket Income $105,000.00
Level 4 -- Attendance: 3035 (93.38%) -- Ticket Income $60,700.00
Luxury Box -- Attendance: 1000 (100.00%) -- Ticket Income $170,000.00
Game was played at the Philips Arena
Total Attendance: 18535 (98.85%)
Total Ticket Income: $1,215,979.00
Other Income: $364,793.63
Total Income: $1,580,773.00


Play by Play

Period #1

0:01 of 1st period - Sidney Crosby wins face-off versus Nik Antropov in neutral zone.
0:01 of 1st period - Sidney Crosby is hit by Ryan Callahan.
0:16 of 1st period - Thomas Vanek is hit by Marc Staal and loses puck.
1:15 of 1st period - Shot by Brian Rolston.
1:15 of 1st period - Shot Blocked by Dion Phaneuf.
1:17 of 1st period - Shot by Brian Rolston.
1:17 of 1st period - Shot Misses the Net.
1:19 of 1st period - Shot by James Wisniewski.
1:19 of 1st period - Shot Misses the Net.
1:21 of 1st period - Shot by James Wisniewski.
1:21 of 1st period - Shot Blocked by Dion Phaneuf.
2:05 of 1st period - Shot by Mike Cammalleri.
2:05 of 1st period - Shot Misses the Net.
2:09 of 1st period - Shot by Jason Spezza.
2:09 of 1st period - Goal by Jason Spezza - Senators : 1 - Thrashers : 0.
2:10 of 1st period - Benoit Pouliot wins face-off versus Jordan Staal in neutral zone.
2:20 of 1st period - Icing by Brent Sopel.
2:21 of 1st period - Nik Antropov wins face-off versus Jordan Staal in Senators zone.
2:30 of 1st period - Shot by Ryan Callahan.
2:30 of 1st period - Stopped by Pascal Leclaire without a rebound.
2:31 of 1st period - Jason Spezza wins face-off versus Benoit Pouliot in Senators zone.
2:31 of 1st period - Jason Spezza is hit by Rene Bourque.
2:37 of 1st period - Shot by Rene Bourque.
2:37 of 1st period - Shot Blocked by Carl Gunnarsson.
2:39 of 1st period - Shot by Brad Boyes.
2:39 of 1st period - Shot Blocked by Karlis Skrastins.
3:01 of 1st period - Shot by Rene Bourque.
3:01 of 1st period - Stopped by Pascal Leclaire without a rebound.
3:02 of 1st period - Mike Ribeiro wins face-off versus Jordan Staal in Senators zone.
3:38 of 1st period - David Jones is hit by James Wisniewski.
3:40 of 1st period - Shot by Jordan Staal.
3:40 of 1st period - Deflect By Guillaume Latendresse.
3:40 of 1st period - Stopped by Roberto Luongo without a rebound.
3:41 of 1st period - Jason Spezza wins face-off versus Dave Bolland in Thrashers zone.
3:58 of 1st period - Shot by Mike Cammalleri.
3:58 of 1st period - Shot Misses the Net.
4:00 of 1st period - Shot by Carl Gunnarsson.
4:00 of 1st period - Shot Misses the Net.
4:02 of 1st period - Shot by Mike Cammalleri.
4:02 of 1st period - Shot Misses the Net.
4:34 of 1st period - Shot by Nik Antropov.
4:34 of 1st period - Shot Blocked by Sidney Crosby.
4:38 of 1st period - Shot by Sergei Gonchar.
4:38 of 1st period - Stopped by Pascal Leclaire without a rebound.
4:39 of 1st period - Jordan Staal wins face-off versus Benoit Pouliot in Senators zone.
4:39 of 1st period - Jordan Staal is hit by Rene Bourque.
4:51 of 1st period - Shot by David Jones.
4:51 of 1st period - Stopped by Roberto Luongo without a rebound.
4:52 of 1st period - Brian Rolston wins face-off versus Jordan Staal in Thrashers zone.
4:52 of 1st period - Christian Ehrhoff is hit by Guillaume Latendresse and loses puck.
5:17 of 1st period - Shot by Jordan Staal.
5:17 of 1st period - Deflect By Guillaume Latendresse.
5:17 of 1st period - Goal by Guillaume Latendresse - Senators : 2 - Thrashers : 0.
5:18 of 1st period - Sidney Crosby wins face-off versus Nik Antropov in neutral zone.
5:21 of 1st period - Shot by Dion Phaneuf.
5:21 of 1st period - Shot Misses the Net.
5:25 of 1st period - Shot by Sidney Crosby.
5:25 of 1st period - Stopped by Roberto Luongo without a rebound.
5:26 of 1st period - Jason Spezza wins face-off versus Benoit Pouliot in Thrashers zone.
5:39 of 1st period - Shot by Jason Spezza.
5:39 of 1st period - Stopped by Roberto Luongo without a rebound.
5:40 of 1st period - Sidney Crosby wins face-off versus Dave Bolland in Thrashers zone.
6:46 of 1st period - Shot by Jason Spezza.
6:46 of 1st period - Stopped by Roberto Luongo without a rebound.
6:47 of 1st period - Jordan Staal wins face-off versus Mike Ribeiro in Thrashers zone.
7:00 of 1st period - Shot by Guillaume Latendresse.
7:00 of 1st period - Goal by Guillaume Latendresse - Senators : 3 - Thrashers : 0.
7:01 of 1st period - Jason Spezza wins face-off versus Benoit Pouliot in neutral zone.
7:17 of 1st period - Shot by Benoit Pouliot.
7:17 of 1st period - Stopped by Pascal Leclaire without a rebound.
7:18 of 1st period - Jordan Staal wins face-off versus Mike Ribeiro in Senators zone.
7:36 of 1st period - Minor Penalty to Christian Ehrhoff for Hooking.
7:37 of 1st period - Jason Spezza wins face-off versus Antoine Vermette in Thrashers zone.
8:43 of 1st period - Sidney Crosby is hit by Marc Staal and loses puck.
8:48 of 1st period - Shot by Sidney Crosby.
8:48 of 1st period - Shot Misses the Net.
8:50 of 1st period - Shot by Jay Bouwmeester.
8:50 of 1st period - Shot Misses the Net.
8:54 of 1st period - Shot by Sidney Crosby.
8:54 of 1st period - Stopped by Roberto Luongo with a rebound.
8:58 of 1st period - Shot by Jay Bouwmeester.
8:58 of 1st period - Shot Blocked by Sergei Gonchar.
10:06 of 1st period - Shot by Mark Giordano.
10:06 of 1st period - Shot Misses the Net.
10:42 of 1st period - Shot by Brian Rolston.
10:42 of 1st period - Stopped by Pascal Leclaire without a rebound.
10:43 of 1st period - Sidney Crosby wins face-off versus Benoit Pouliot in Senators zone.
10:43 of 1st period - Thomas Vanek is hit by Rene Bourque and loses puck.
10:58 of 1st period - Shot by Thomas Vanek.
10:58 of 1st period - Stopped by Roberto Luongo without a rebound.
10:59 of 1st period - Dave Bolland wins face-off versus Sidney Crosby in Thrashers zone.
11:12 of 1st period - Shot by Ryan Malone.
11:12 of 1st period - Shot Blocked by Filip Kuba.
11:50 of 1st period - Brad Boyes is hit by Jason Spezza and loses puck.
12:03 of 1st period - Benoit Pouliot and Mike Cammalleri fight to a draw.
12:03 of 1st period - Penalty to Benoit Pouliot for Fighting.
12:03 of 1st period - Penalty to Mike Cammalleri for Fighting.
12:03 of 1st period - Penalty to Benoit Pouliot for instigated a fight.
12:03 of 1st period - Benoit Pouliot is ejected from game.
12:04 of 1st period - Sidney Crosby wins face-off versus Nik Antropov in neutral zone.
12:13 of 1st period - Shot by Sidney Crosby.
12:13 of 1st period - Stopped by Roberto Luongo without a rebound.
12:14 of 1st period - Jason Spezza wins face-off versus Nik Antropov in Thrashers zone.
12:32 of 1st period - Icing by Carl Gunnarsson.
12:33 of 1st period - Jason Spezza wins face-off versus Nik Antropov in Senators zone.
13:14 of 1st period - Shot by Guillaume Latendresse.
13:14 of 1st period - Shot Misses the Net.
13:16 of 1st period - Shot by Jordan Staal.
13:16 of 1st period - Stopped by Roberto Luongo without a rebound.
13:17 of 1st period - Nik Antropov wins face-off versus Sidney Crosby in Thrashers zone.
14:45 of 1st period - Major Penalty to Chris Stewart for Kneeing.
14:46 of 1st period - Jordan Staal wins face-off versus Mike Ribeiro in Senators zone.
15:01 of 1st period - Brent Sopel is hit by Mike Ribeiro and loses puck.
16:14 of 1st period - Shot by Antoine Vermette.
16:14 of 1st period - Shot Misses the Net.
16:42 of 1st period - Shot by Jordan Staal.
16:42 of 1st period - Stopped by Roberto Luongo without a rebound.
16:43 of 1st period - David Steckel wins face-off versus Nik Antropov in Thrashers zone.
17:03 of 1st period - Shot by Antoine Vermette.
17:03 of 1st period - Shot Misses the Net.
17:05 of 1st period - Shot by Antoine Vermette.
17:05 of 1st period - Shot Misses the Net.
17:07 of 1st period - Shot by Nik Antropov.
17:07 of 1st period - Shot Misses the Net.
17:11 of 1st period - Shot by Sergei Gonchar.
17:11 of 1st period - Stopped by Pascal Leclaire without a rebound.
17:12 of 1st period - Mike Ribeiro wins face-off versus Jordan Staal in Senators zone.
17:38 of 1st period - Shot by Brian Rolston.
17:38 of 1st period - Shot Misses the Net.
17:40 of 1st period - Shot by James Wisniewski.
17:40 of 1st period - Stopped by Pascal Leclaire with a rebound.
17:50 of 1st period - Patrick Eaves is hit by Ryan Malone and loses puck.
18:05 of 1st period - Shot by Rene Bourque.
18:05 of 1st period - Stopped by Pascal Leclaire without a rebound.
18:06 of 1st period - David Steckel wins face-off versus Nik Antropov in Senators zone.
19:04 of 1st period - Shot by Brenden Morrow.
19:04 of 1st period - Stopped by Pascal Leclaire with a rebound.
19:06 of 1st period - Shot by Mike Ribeiro.
19:06 of 1st period - Stopped by Pascal Leclaire without a rebound.
19:07 of 1st period - Jason Spezza wins face-off versus Ryan Malone in Senators zone.

Period #2

0:01 of 2nd period - Thomas Vanek wins face-off versus Nik Antropov in neutral zone.
0:04 of 2nd period - Shot by Sidney Crosby.
0:04 of 2nd period - Shot Misses the Net.
2:29 of 2nd period - Ryan Malone is hit by Brent Sopel and loses puck.
2:55 of 2nd period - Icing by Jay Bouwmeester.
2:56 of 2nd period - Nik Antropov wins face-off versus Jordan Staal in Senators zone.
2:57 of 2nd period - Shot by Antoine Vermette.
2:57 of 2nd period - Shot Misses the Net.
3:11 of 2nd period - Shot by Chris Stewart.
3:11 of 2nd period - Stopped by Roberto Luongo without a rebound.
3:12 of 2nd period - Antoine Vermette wins face-off versus Jason Spezza in Thrashers zone.
3:53 of 2nd period - Sergei Gonchar is hit by Dion Phaneuf and loses puck.
4:11 of 2nd period - Minor Penalty to Chris Stewart for Hooking.
4:12 of 2nd period - Patrick Eaves wins face-off versus Brian Rolston in Senators zone.
4:18 of 2nd period - Icing by Christian Ehrhoff.
4:19 of 2nd period - Mike Ribeiro wins face-off versus Jordan Staal in Thrashers zone.
4:28 of 2nd period - Shot by James Wisniewski.
4:28 of 2nd period - Stopped by Pascal Leclaire without a rebound.
4:29 of 2nd period - Nik Antropov wins face-off versus David Steckel in Senators zone.
4:32 of 2nd period - Shot by Marc Staal.
4:32 of 2nd period - Stopped by Pascal Leclaire without a rebound.
4:33 of 2nd period - Mike Ribeiro wins face-off versus David Steckel in Senators zone.
5:36 of 2nd period - Shot by Nik Antropov.
5:36 of 2nd period - Stopped by Pascal Leclaire without a rebound.
5:37 of 2nd period - Nik Antropov wins face-off versus David Steckel in Senators zone.
5:38 of 2nd period - Shot by Marc Staal.
5:38 of 2nd period - Stopped by Pascal Leclaire with a rebound.
5:48 of 2nd period - Shot by Sergei Gonchar.
5:48 of 2nd period - Stopped by Pascal Leclaire without a rebound.
5:49 of 2nd period - David Steckel wins face-off versus Brenden Morrow in Senators zone.
6:20 of 2nd period - Shot by Dave Bolland.
6:20 of 2nd period - Shot Misses the Net.
6:23 of 2nd period - Icing by Filip Kuba.
6:24 of 2nd period - Sidney Crosby wins face-off versus Antoine Vermette in Senators zone.
6:55 of 2nd period - Shot by Rene Bourque.
6:55 of 2nd period - Shot Misses the Net.
6:58 of 2nd period - Icing by Dion Phaneuf.
6:59 of 2nd period - Dave Bolland wins face-off versus Sidney Crosby in Senators zone.
7:29 of 2nd period - Icing by Carl Gunnarsson.
7:30 of 2nd period - Jason Spezza wins face-off versus Mike Ribeiro in Senators zone.
7:30 of 2nd period - Jason Spezza is hit by Brenden Morrow.
7:33 of 2nd period - Icing by Mike Cammalleri.
7:34 of 2nd period - Mike Ribeiro wins face-off versus Jason Spezza in Senators zone.
8:19 of 2nd period - Christian Ehrhoff is hit by Carl Gunnarsson and loses puck.
8:42 of 2nd period - Shot by Jordan Staal.
8:42 of 2nd period - Stopped by Roberto Luongo without a rebound.
8:43 of 2nd period - Nik Antropov wins face-off versus Jordan Staal in Thrashers zone.
8:43 of 2nd period - Antoine Vermette is hit by Guillaume Latendresse and loses puck.
8:53 of 2nd period - Ryan Callahan is hit by Jay Bouwmeester and loses puck.
9:06 of 2nd period - Shot by Guillaume Latendresse.
9:06 of 2nd period - Shot Misses the Net.
9:08 of 2nd period - Shot by Brent Sopel.
9:08 of 2nd period - Shot Misses the Net.
9:10 of 2nd period - Shot by Brent Sopel.
9:10 of 2nd period - Shot Misses the Net.
9:14 of 2nd period - Shot by Guillaume Latendresse.
9:14 of 2nd period - Deflect By Jordan Staal.
9:14 of 2nd period - Stopped by Roberto Luongo without a rebound.
9:15 of 2nd period - Sidney Crosby wins face-off versus Dave Bolland in Thrashers zone.
9:23 of 2nd period - Icing by Martin Erat.
9:24 of 2nd period - Sidney Crosby wins face-off versus Dave Bolland in Thrashers zone.
9:41 of 2nd period - Shot by Martin Erat.
9:41 of 2nd period - Goal by Martin Erat - Senators : 3 - Thrashers : 1.
9:42 of 2nd period - Jordan Staal wins face-off versus Brad Boyes in neutral zone.
9:59 of 2nd period - Shot by Guillaume Latendresse.
9:59 of 2nd period - Shot Blocked by Marc Staal.
10:03 of 2nd period - Shot by Jordan Staal.
10:03 of 2nd period - Shot Misses the Net.
10:05 of 2nd period - Shot by David Jones.
10:05 of 2nd period - Shot Misses the Net.
10:07 of 2nd period - Shot by Jay Bouwmeester.
10:07 of 2nd period - Shot Misses the Net.
11:34 of 2nd period - Shot by Brian Rolston.
11:34 of 2nd period - Shot Misses the Net.
11:36 of 2nd period - Shot by Brenden Morrow.
11:36 of 2nd period - Shot Misses the Net.
11:40 of 2nd period - Shot by Christian Ehrhoff.
11:40 of 2nd period - Shot Misses the Net.
11:42 of 2nd period - Shot by Brenden Morrow.
11:42 of 2nd period - Shot Blocked by Dion Phaneuf.
11:44 of 2nd period - Shot by Brenden Morrow.
11:44 of 2nd period - Deflect By Mike Ribeiro.
11:44 of 2nd period - Shot Misses the Net.
11:46 of 2nd period - Shot by James Wisniewski.
11:46 of 2nd period - Shot Blocked by Dion Phaneuf.
11:50 of 2nd period - Shot by Mike Ribeiro.
11:50 of 2nd period - Shot Misses the Net.
11:52 of 2nd period - Shot by Christian Ehrhoff.
11:52 of 2nd period - Stopped by Pascal Leclaire without a rebound.
11:53 of 2nd period - Guillaume Latendresse wins face-off versus Ryan Malone in Senators zone.
11:57 of 2nd period - Off-side.
11:58 of 2nd period - Jordan Staal wins face-off versus Dave Bolland in neutral zone.
12:20 of 2nd period - Icing by Brent Sopel.
12:21 of 2nd period - Jordan Staal wins face-off versus Mike Ribeiro in Senators zone.
12:36 of 2nd period - Shot by Brian Rolston.
12:36 of 2nd period - Shot Misses the Net.
12:40 of 2nd period - Shot by Brenden Morrow.
12:40 of 2nd period - Shot Misses the Net.
13:00 of 2nd period - Minor Penalty to Brent Sopel for Hooking.
13:01 of 2nd period - Antoine Vermette wins face-off versus Sidney Crosby in Senators zone.
13:18 of 2nd period - Shot by Antoine Vermette.
13:18 of 2nd period - Shot Misses the Net.
13:20 of 2nd period - Shot by Antoine Vermette.
13:20 of 2nd period - Stopped by Pascal Leclaire without a rebound.
13:21 of 2nd period - Nik Antropov wins face-off versus Jordan Staal in Senators zone.
13:24 of 2nd period - Shot by Marc Staal.
13:24 of 2nd period - Shot Misses the Net.
15:58 of 2nd period - Shot by Rene Bourque.
15:58 of 2nd period - Shot Misses the Net.
16:50 of 2nd period - Icing by Jay Bouwmeester.
16:51 of 2nd period - Jordan Staal wins face-off versus Mike Ribeiro in Senators zone.
16:51 of 2nd period - Jordan Staal is hit by Brenden Morrow.
17:38 of 2nd period - Daniel Briere is hit by Ryan Malone.
17:58 of 2nd period - Shot by Ryan Malone.
17:58 of 2nd period - Goal by Ryan Malone - Senators : 3 - Thrashers : 2.
17:59 of 2nd period - Nik Antropov wins face-off versus Sidney Crosby in neutral zone.
18:11 of 2nd period - Icing by Antoine Vermette.
18:12 of 2nd period - Nik Antropov wins face-off versus Sidney Crosby in Thrashers zone.
18:50 of 2nd period - Icing by Filip Kuba.
18:51 of 2nd period - Dave Bolland wins face-off versus Sidney Crosby in Senators zone.
18:58 of 2nd period - Shot by Martin Erat.
18:58 of 2nd period - Shot Misses the Net.
19:16 of 2nd period - Shot by Dave Bolland.
19:16 of 2nd period - Shot Blocked by Dion Phaneuf.

Period #3

0:01 of 3rd period - Sidney Crosby wins face-off versus Nik Antropov in neutral zone.
0:39 of 3rd period - Shot by Sidney Crosby.
0:39 of 3rd period - Stopped by Roberto Luongo without a rebound.
0:40 of 3rd period - Jason Spezza wins face-off versus Mike Ribeiro in Thrashers zone.
1:44 of 3rd period - Shot by Ryan Malone.
1:44 of 3rd period - Shot Misses the Net.
1:56 of 3rd period - Shot by Dave Bolland.
1:56 of 3rd period - Shot Misses the Net.
1:58 of 3rd period - Shot by Mark Giordano.
1:58 of 3rd period - Stopped by Pascal Leclaire without a rebound.
1:59 of 3rd period - Nik Antropov wins face-off versus Jordan Staal in Senators zone.
2:50 of 3rd period - Shot by Sidney Crosby.
2:50 of 3rd period - Shot Misses the Net.
2:52 of 3rd period - Shot by Dion Phaneuf.
2:52 of 3rd period - Shot Misses the Net.
2:56 of 3rd period - Shot by Sidney Crosby.
2:56 of 3rd period - Stopped by Roberto Luongo without a rebound.
2:57 of 3rd period - Sidney Crosby wins face-off versus Dave Bolland in Thrashers zone.
2:57 of 3rd period - Sidney Crosby is hit by Mark Giordano.
3:01 of 3rd period - Shot by Thomas Vanek.
3:01 of 3rd period - Stopped by Roberto Luongo with a rebound.
3:03 of 3rd period - Shot by Sidney Crosby.
3:03 of 3rd period - Shot Misses the Net.
3:04 of 3rd period - Minor Penalty to Mark Giordano for Roughing.
3:05 of 3rd period - Sidney Crosby wins face-off versus Brenden Morrow in Thrashers zone.
3:06 of 3rd period - Shot by Daniel Briere.
3:06 of 3rd period - Shot Misses the Net.
3:56 of 3rd period - Shot by Chris Stewart.
3:56 of 3rd period - Shot Misses the Net.
3:58 of 3rd period - Shot by Carl Gunnarsson.
3:58 of 3rd period - Stopped by Roberto Luongo without a rebound.
3:59 of 3rd period - Antoine Vermette wins face-off versus Chris Stewart in Thrashers zone.
3:59 of 3rd period - Antoine Vermette is hit by Chris Stewart.
5:25 of 3rd period - Icing by Brent Sopel.
5:26 of 3rd period - Jordan Staal wins face-off versus Brenden Morrow in Senators zone.
5:33 of 3rd period - Shot by Guillaume Latendresse.
5:33 of 3rd period - Stopped by Roberto Luongo without a rebound.
5:34 of 3rd period - Sidney Crosby wins face-off versus Antoine Vermette in Thrashers zone.
6:23 of 3rd period - Double Minor Penalty to Ryan Malone for High sticking.
6:24 of 3rd period - Nik Antropov wins face-off versus Jason Spezza in Thrashers zone.
7:14 of 3rd period - Shot by Thomas Vanek.
7:14 of 3rd period - Stopped by Roberto Luongo without a rebound.
7:15 of 3rd period - Dave Bolland wins face-off versus Sidney Crosby in Thrashers zone.
8:09 of 3rd period - Off-side.
8:10 of 3rd period - Nik Antropov wins face-off versus Mike Cammalleri in neutral zone.
9:30 of 3rd period - Nik Antropov is hit by Guillaume Latendresse and loses puck.
9:44 of 3rd period - Icing by Jordan Staal.
9:45 of 3rd period - Sidney Crosby wins face-off versus Nik Antropov in Senators zone.
10:30 of 3rd period - Guillaume Latendresse is hit by Mark Giordano and loses puck.
11:33 of 3rd period - Icing by Mark Giordano.
11:34 of 3rd period - Sidney Crosby wins face-off versus Mike Ribeiro in Thrashers zone.
11:47 of 3rd period - Shot by Chris Stewart.
11:47 of 3rd period - Goal by Chris Stewart - Senators : 4 - Thrashers : 2.
11:48 of 3rd period - Jason Spezza wins face-off versus Antoine Vermette in neutral zone.
11:57 of 3rd period - Shot by Rene Bourque.
11:57 of 3rd period - Shot Misses the Net.
12:46 of 3rd period - Minor Penalty to Brian Rolston for Hooking.
12:47 of 3rd period - Sidney Crosby wins face-off versus Nik Antropov in Thrashers zone.
12:48 of 3rd period - Shot by Chris Stewart.
12:48 of 3rd period - Deflect By Sidney Crosby.
12:48 of 3rd period - Shot Misses the Net.
13:09 of 3rd period - Thomas Vanek is hit by James Wisniewski and loses puck.
13:31 of 3rd period - Icing by Jordan Staal.
13:32 of 3rd period - Antoine Vermette wins face-off versus Jordan Staal in Senators zone.
13:32 of 3rd period - Rene Bourque is hit by Dion Phaneuf and loses puck.
13:44 of 3rd period - Minor Penalty to Marc Staal for Tripping.
13:45 of 3rd period - Antoine Vermette wins face-off versus Jason Spezza in Thrashers zone.
14:46 of 3rd period - Minor Penalty to Jordan Staal for Holding.
14:47 of 3rd period - Nik Antropov wins face-off versus Thomas Vanek in Senators zone.
14:59 of 3rd period - Shot by Filip Kuba.
14:59 of 3rd period - Shot Misses the Net.
15:01 of 3rd period - Shot by Thomas Vanek.
15:01 of 3rd period - Shot Misses the Net.
15:03 of 3rd period - Shot by Jay Bouwmeester.
15:03 of 3rd period - Stopped by Roberto Luongo with a rebound.
15:07 of 3rd period - Shot by Thomas Vanek.
15:07 of 3rd period - Shot Blocked by James Wisniewski.
15:09 of 3rd period - Shot by Filip Kuba.
15:09 of 3rd period - Shot Misses the Net.
15:11 of 3rd period - Shot by Filip Kuba.
15:11 of 3rd period - Shot Misses the Net.
15:13 of 3rd period - Shot by Jay Bouwmeester.
15:13 of 3rd period - Shot Misses the Net.
15:15 of 3rd period - Shot by Mike Cammalleri.
15:15 of 3rd period - Goal by Mike Cammalleri - Senators : 5 - Thrashers : 2.
15:16 of 3rd period - Daniel Briere wins face-off versus Antoine Vermette in neutral zone.
15:18 of 3rd period - Guillaume Latendresse is hit by Sergei Gonchar and loses puck.
15:37 of 3rd period - Shot by Guillaume Latendresse.
15:37 of 3rd period - Shot Misses the Net.
16:15 of 3rd period - Off-side.
16:16 of 3rd period - David Steckel wins face-off versus Nik Antropov in neutral zone.
16:22 of 3rd period - Minor Penalty to David Jones for Hooking.
16:23 of 3rd period - Nik Antropov wins face-off versus Sidney Crosby in Senators zone.
16:24 of 3rd period - Shot by Antoine Vermette.
16:24 of 3rd period - Stopped by Pascal Leclaire with a rebound.
16:28 of 3rd period - Shot by Ryan Callahan.
16:28 of 3rd period - Deflect By Nik Antropov.
16:28 of 3rd period - Shot Misses the Net.
16:30 of 3rd period - Shot by Marc Staal.
16:30 of 3rd period - Stopped by Pascal Leclaire without a rebound.
16:31 of 3rd period - David Steckel wins face-off versus Nik Antropov in Senators zone.
17:57 of 3rd period - Shot by Ryan Suter.
17:57 of 3rd period - Stopped by Pascal Leclaire without a rebound.
17:58 of 3rd period - Mike Ribeiro wins face-off versus David Steckel in Senators zone.
18:47 of 3rd period - Dave Bolland is hit by Chris Stewart and loses puck.
19:12 of 3rd period - Shot by Mike Cammalleri.
19:12 of 3rd period - Stopped by Roberto Luongo with a rebound.
19:16 of 3rd period - Shot by Daniel Briere.
19:16 of 3rd period - Goal by Daniel Briere - Senators : 6 - Thrashers : 2.
19:16 of 3rd period - Steve Mason enters game.
19:17 of 3rd period - Jordan Staal wins face-off versus Antoine Vermette in neutral zone.
19:26 of 3rd period - Shot by Jordan Staal.
19:26 of 3rd period - Stopped by Steve Mason with a rebound.
19:28 of 3rd period - Shot by Jordan Staal.
19:28 of 3rd period - Shot Misses the Net.
19:30 of 3rd period - Shot by David Jones.
19:30 of 3rd period - Shot Misses the Net.
19:41 of 3rd period - Guillaume Latendresse is hit by Marc Staal and loses puck.


Output by the SimonT Hockey Simulator (STHS) for Stephane Roy -- Original Page W3C XHTML 1.0 Valid